Map: Traitor's Exile

Players

vInce - Winner!

  • Race: Zerg Zerg
  • Spawn Location: 12:00

foué - Winner!

  • Race: Zerg Zerg
  • Spawn Location: 9:00

ILIEKEGGPIE

  • Race: Protoss Protoss
  • League: Platinum
  • Spawn Location: 5:00

zykes

  • Race: Zerg Zerg
  • Spawn Location: 6:00

VOD

Have the link to the VOD?

Description

Time

  • Played on: May 26, 2018, 10:06 a.m.
  • Length: 9:49
Show
View Real Time Build Order
Export as new Build Order

vInce Zerg - Winner!

Build Orders: Pool First 

Get SALT Encoding   

  12  0:03  Drone  
  13  0:11  Drone  
  14  0:18  Overlord  
  14  0:22  Extractor  
  14  0:25  Drone  
  15  0:41  Drone  
  16  0:48  Spawning Pool  
  16  0:49  Drone  
  16  0:51  Drone  
  17  0:58  Extractor  
  17  0:59  Drone  
  17  1:07  Drone  
  18  1:27  Drone  
  18  1:29  Hatchery  
  18  1:30  Drone  
  19  1:39  Queen  
  19  1:44  Drone  
  22  2:03  Overlord  
  22  2:04  Overlord  
  22  2:15  Metabolic Boost  
  22  2:33  Drone x2  
  24  2:38  Drone  
  25  2:45  Drone  
  25  2:50  Extractor  
  25  2:55  Drone x5  
  30  3:03  Lair  
  30  3:08  Evolution Chamber  
  29  3:13  Drone x2  
  31  3:20  Hatchery  
  30  3:34  Zergling x2  
  30  3:35  Zergling x8  
  30  3:39  Zerg Melee Weapons Level 1  
  35  3:44  Queen  
  37  3:59  Drone  
  37  4:00  Drone x3  
  41  4:12  Hydralisk Den  
  41  4:15  Zergling x4  
  42  4:28  Spine Crawler  
  40  4:36  Zergling x4  
  40  4:37  Zergling x6  
  41  4:43  Zergling x2, Hydralisk  
  41  4:44  Hydralisk  
  45  4:56  Roach Warren  
  44  5:00  Hydralisk x2  
  48  5:09  Overlord  
  48  5:10  Overlord x3  
  48  5:20  Overlord x2  
  48  5:29  Overseer  
  48  5:34  Extractor  
  47  5:40  Extractor  
  47  5:42  Zergling x2  
  47  5:43  Roach x4  
  47  5:45  Roach  
  57  5:58  Roach x3  
  63  6:12  Drone x6  
  69  6:29  Drone x5  
  74  6:41  Grooved Spines  
  74  7:02  Overseer x2  
  74  7:17  Hydralisk  
  74  7:18  Hydralisk x6  
  74  7:22  Overlord x5  
  88  7:27  Zerg Missile Weapons Level 1  
  88  7:43  Drone x7  
  95  8:05  Hydralisk x4  
  77  8:06  Hydralisk x3  
  85  8:35  Hydralisk x5  
  85  8:36  Hydralisk x4  
  100  8:44  Extractor x2  
  73  9:07  Hydralisk  
  73  9:08  Hydralisk x5  
  77  9:24  Hydralisk x2  
  77  9:25  Hydralisk  
Show
View Real Time Build Order
Export as new Build Order

foué Zerg - Winner!

Build Orders: Pool First, Swarm Host 

Get SALT Encoding   

  12  0:07  Drone  
  13  0:15  Drone  
  14  0:21  Overlord  
  14  0:32  Extractor  
  14  0:33  Drone  
  14  0:40  Drone  
  16  0:49  Spawning Pool  
  15  0:51  Drone  
  15  0:52  Drone  
  17  1:00  Extractor  
  17  1:02  Drone  
  17  1:23  Hatchery  
  17  1:24  Drone  
  17  1:34  Drone  
  17  1:38  Queen  
  20  1:43  Drone  
  21  1:58  Overlord  
  21  1:59  Zergling x2  
  22  2:19  Metabolic Boost  
  22  2:25  Zergling x4  
  24  2:33  Overlord  
  24  2:35  Queen  
  24  2:36  Drone  
  27  2:58  Overlord x2  
  27  3:04  Zergling x4  
  27  3:05  Zergling x2  
  29  3:07  Zergling x4  
  31  3:13  Extractor, Drone  
  31  3:25  Queen  
  31  3:26  Spine Crawler  
  32  3:28  Drone  
  31  3:55  Zergling x2  
  31  3:56  Zergling x10  
  32  4:17  Baneling Nest  
  32  4:20  Spine Crawler  
  20  4:48  Zergling x6  
  20  4:49  Zergling x4  
  20  4:50  Overlord, Zergling x6  
  20  4:51  Zergling x4  
  28  5:05  Drone  
  29  5:07  Baneling x2  
  29  5:08  Baneling, Queen  
  29  5:09  Drone  
  29  5:10  Drone x2  
  29  5:12  Baneling  
  33  5:33  Baneling x3  
  33  5:34  Baneling x3  
  33  5:39  Lair  
  32  6:13  Drone x2  
  32  6:14  Drone  
  32  6:18  Spine Crawler  
  34  6:21  Spine Crawler  
  32  6:43  Drone x3  
  35  6:48  Overlord  
  35  6:49  Overlord x2  
  35  6:50  Infestation Pit  
  34  7:05  Overlord  
  34  7:06  Overlord  
  34  7:09  Drone  
  34  7:10  Drone  
  37  7:22  Drone  
  37  7:23  Drone x2  
  39  7:39  Zergling x6  
  39  7:43  Drone x4  
  42  8:13  Swarm Host x3  
  42  8:16  Burrow  
  46  8:45  Zergling x6  
  49  8:48  Swarm Host  
  49  8:49  Swarm Host x5  
  66  9:02  Extractor  
Show
View Real Time Build Order
Export as new Build Order

ILIEKEGGPIE Protoss 

Build Orders:  

Get SALT Encoding   

  12  0:01  Probe  
  13  0:13  Probe  
  14  0:19  Pylon  
  14  0:25  Probe  
  15  0:33  Probe  
  15  0:40  Gateway  
  15  0:41  Probe  
  17  0:52  Probe  
  17  0:55  Assimilator  
  18  1:04  Probe  
  19  1:07  Assimilator  
  19  1:10  Pylon  
  19  1:16  Probe  
  20  1:27  Probe  
  20  1:30  Cybernetics Core  
  21  1:35  Probe  
  21  1:39  Zealot  
  24  2:05  Nexus  
  24  2:07  Sentry  
  26  2:22  Warp Gate  
  26  2:26  Gateway  
  26  2:35  Stalker  
  28  2:47  Robotics Facility  
  28  3:16  Probe  
  28  3:20  Probe  
  28  3:23  Stalker x2  
  28  3:24  Probe  
  34  3:32  Probe  
  36  3:34  Probe  
  30  4:11  Probe  
  30  4:15  Probe  
  32  4:22  Pylon  
  28  4:24  Pylon  
  28  4:27  Probe, Stalker  
  28  4:28  Stalker  
  28  4:30  Pylon x2  
  33  4:35  Immortal  
  37  4:41  Gateway  
  37  4:42  Probe x2  
  37  4:43  Gateway  
  39  4:50  Probe  
  39  4:53  Probe  
  39  4:59  Probe  
  41  5:01  Probe  
  41  5:04  Gateway  
  43  5:09  Probe  
  43  5:11  Adept x2, Probe  
  49  5:20  Immortal  
  53  5:22  Probe  
  53  5:24  Probe  
  51  5:57  Forge x2  
  51  5:59  Twilight Council  
  51  6:05  Assimilator  
  51  6:07  Stalker x2  
  51  6:08  Stalker x2  
  59  6:12  Assimilator  
  59  6:19  Robotics Bay  
  59  6:21  Pylon  
  59  6:23  Pylon  
  59  6:33  Charge  
  59  6:36  Protoss Ground Weapons Level 1, Protoss Ground Armor Level 1  
  59  6:41  Probe x2  
  61  6:50  Nexus  
  61  6:53  Pylon  
  61  6:56  Pylon  
  61  7:11  Observer  
  62  7:24  Extended Thermal Lance  
  62  7:32  Robotics Facility  
  62  7:33  Observer  
  63  7:43  Probe x2  
  65  7:51  Zealot  
  65  7:52  Zealot x3  
  65  7:55  Probe  
  74  8:04  Zealot  
  64  8:19  Colossus  
  70  8:27  Adept x2  
  70  8:28  Adept, Zealot  
  68  9:00  Adept x5  
  69  9:24  Pylon, Nexus  
  69  9:26  Pylon  
  68  9:40  Stalker  
  68  9:41  Stalker  
  68  9:43  Adept, Sentry x2  
Show
View Real Time Build Order
Export as new Build Order

zykes Zerg 

Build Orders: Hatch First 

Get SALT Encoding   

  12  0:18  Drone x2  
  12  0:19  Overlord  
  14  0:39  Drone  
  15  0:54  Extractor  
  15  0:56  Hatchery  
  13  0:58  Drone x2  
  15  1:04  Drone  
  16  1:31  Drone x2  
  18  1:37  Drone  
  19  1:47  Drone  
  20  1:56  Drone  
  21  2:05  Spawning Pool  
  21  2:06  Extractor  
  19  2:11  Drone x2  
  21  2:17  Drone  
  21  2:21  Overlord  
  22  2:31  Drone x2  
  24  2:41  Overlord, Drone  
  25  2:52  Baneling Nest, Metabolic Boost  
  25  2:54  Zergling x4  
  25  2:56  Queen x2  
  30  3:01  Zergling x2  
  30  3:05  Zergling x2  
  32  3:10  Zergling x2  
  33  3:13  Zergling x2  
  34  3:22  Zergling x2  
  35  3:27  Zergling x2  
  36  3:35  Zergling x4  
  37  3:42  Baneling x2  
  37  3:43  Baneling x2  
  37  3:44  Zergling x2  
  37  3:47  Zergling x2  
  39  3:56  Zergling x2  
  39  3:57  Zergling x2  
  41  4:15  Overlord, Drone x2  
  41  4:16  Overlord x2  
  43  4:19  Lair  
  43  4:21  Evolution Chamber  
  40  4:43  Zergling x10  
  40  4:44  Zergling x2  
  44  4:48  Zergling x6  
  44  4:54  Zergling x2  
  45  5:00  Zergling x2  
  45  5:05  Baneling x3  
  45  5:06  Baneling x3, Zergling x2  
  45  5:07  Zergling x2  
  46  5:18  Hatchery  
  45  5:21  Drone x2  
  45  5:27  Drone x4  
  51  5:29  Drone x2  
  51  5:32  Drone  
  54  5:45  Drone x2  
  54  5:48  Spire  
  55  5:51  Drone  
  55  5:53  Drone  
  57  5:57  Extractor  
  57  5:58  Extractor  
  57  6:00  Drone x5  
  60  6:07  Overlord  
  60  6:12  Spore Crawler  
  60  6:14  Drone x2  
  61  6:19  Zerg Melee Weapons Level 1  
  61  6:22  Unknown  
  61  6:27  Spore Crawler  
  60  6:45  Drone  
  60  6:46  Drone x9  
  70  6:54  Drone  
  70  6:55  Drone  
  70  6:56  Drone x6  
  70  6:58  Drone  
  79  7:07  Corruptor  
  81  7:09  Infestation Pit  
  81  7:14  Corruptor  
  82  7:19  Overlord x2  
  82  7:23  Spore Crawler  
  82  7:26  Overlord, Drone  
  82  7:35  Extractor  
  82  7:37  Extractor, Drone x7  
  81  7:38  Drone  
  88  7:46  Corruptor  
  88  7:47  Corruptor  
  88  7:50  Zerg Flyer Weapons Level 1  
  91  8:04  Zergling x8  
  79  8:07  Zergling x4  
  79  8:08  Zergling x6  
  84  8:20  Zergling x6  
  84  8:24  Centrifical Hooks  
  70  8:47  Unknown x4  
  53  9:01  Zergling x26  
  66  9:10  Zergling x4  
  66  9:11  Zergling x4  
  70  9:21  Hatchery  
  65  9:30  Overseer  
  63  9:34  Unknown  
Tags
 
Add a new tag
Caveats
  • Supply blocks, unpowered buildings, or Contaminate may cause inaccurate times.
  • Supply counts are checked every 10 seconds.